 Dungeon Crawl Stone Soup version 0.25.1-11-g244df3a29b (webtiles) character file.

Game seed: 13706599852395487849

538 tkbsonic5 the Cutter (level 7, -7/47 HPs)
             Began as a Human Wanderer on Sept 18, 2023.
             Was an Initiate of Dithmenos.
             Mangled by a centaur (9 damage)
             ... on level 5 of the Dungeon.
             The game lasted 00:22:08 (6404 turns).

tkbsonic5 the Cutter (Human Wanderer)               Turns: 6404, Time: 00:22:09

Health: -7/47      AC:  2    Str: 13    XL:     7   Next: 51%
Magic:  0/9        EV: 12    Int: 17    God:    Dithmenos [......]
Gold:   184        SH:  0    Dex:  9    Spells: 5/9 levels left

rFire    . . .     SeeInvis +   a - +2 dagger {(8+++,6) Vorpal Shiv}
rCold    . . .     Gourm    .   (no shield)
rNeg     . . .     Faith    .   e - +0 robe
rPois    .         Spirit   +   (helmet restricted)
rElec    .         Reflect  .   (no cloak)
rCorr    .         Harm     .   (no gloves)
MR       .....                  (no boots)
Stlth    ++........             z - amulet of guardian spirit
HPRegen  0.15/turn              g - ring of see invisible
MPRegen  0.11/turn              (no ring)

@: flying
A: horns 1, blurry vision 1, MP-powered wands
a: Renounce Religion


You were on level 5 of the Dungeon.
You worshipped Dithmenos.
Dithmenos was noncommittal.
You were not hungry.

You visited 1 branch of the dungeon, and saw 5 of its levels.

You collected 184 gold pieces.

Inventory:

Hand Weapons
 a - a +2 dagger (weapon) {(8+++,6) Vorpal Shiv}
 b - a +3 hunting sling {(5+,12+) Heather's Beretta}
 c - a cursed -2 club
 d - a +0 short sword
 j - a +0 hand axe
 n - a +0 scythe
Missiles
 h - 105 stones (quivered) {Heatherstone}
 l - 22 sling bullets
 o - 39 bolts
 q - 22 arrows
 r - 5 javelins
Armour
 e - a +0 robe (worn)
 m - a cursed +0 chain mail
Jewellery
 g - a ring of see invisible (left hand)
 z - an amulet of guardian spirit (around neck)
Wands
 p - a wand of polymorph (7)
Scrolls
 i - 2 scrolls of fog
 k - a scroll of remove curse
 s - a scroll of blinking
 t - a scroll of teleportation
 u - 2 scrolls of immolation {unknown}
 w - a scroll of enchant weapon {unknown}
Comestibles
 f - 6 rations
 x - 2 chunks of flesh


   Skills:
 - Level 0.8 Fighting
 - Level 3.5 Short Blades
 - Level 1.2 Axes
 + Level 1.7(1.9) Slings
 - Level 1.1(1.6) Throwing
 - Level 1.3 Dodging
 + Level 3.2 Stealth
 - Level 1.9 Spellcasting
 * Level 3.3 Conjurations
   Level 2.0 Necromancy
 * Level 3.5 Earth Magic
 + Level 1.6 Evocations


You had 5 spell levels left.
You knew the following spells:

 Your Spells              Type           Power        Failure   Level  Hunger
a - Sandblast             Erth           ##....       4%          1    #......
b - Stone Arrow           Conj/Erth      ##....       14%         3    ###....

Your spell library contained the following spells:

 Spells                   Type           Power        Failure   Level  Hunger


Dungeon Overview and Level Annotations

Branches:
Dungeon (5/15)
 Temple: D:4-7

Altars:
Dithmenos
Qazlal
Ru
Yredelemnul
Zin
The Shining One


Innate Abilities, Weirdness & Mutations

You have a pair of small horns on your head.
Scrolls take you a little longer to read.
You expend magic power (3 MP) to strengthen your wands.


Message History

Okay, then.
You aren't carrying any potions.
Unknown command.
Okay, then.
Okay, then.
Okay, then.
You aren't carrying any potions.
Unknown command.
Really read with blurry vision while enemies are nearby?
The centaur closely misses you.
You begin reading the scroll.
You continue reading the scroll.
The centaur hits you.
* * * LOW HITPOINT WARNING * * *
As you read the scroll labeled IWEFU YMEGG, it crumbles to dust.
You feel blessed for a moment.
It was a scroll of remove curse.
Really read with blurry vision while enemies are nearby?
The centaur barely misses you.
You begin reading the scroll.
You continue reading the scroll.
The centaur hits you!
You die...

#######.##.....c...########
.....................## #
##########.............'# #
#..............#####...'#####
#..............# #.........##
#.........(....# #..)......##
#..........(#### #.........##
#........§(c######.........##
#.........§§@§§§.#.........##
#.........§§§§§§.#.........##
###########§§....#.........##
#§§....########..## #......#
######'## #...)..# .........#
#......# .........# ########
.........# ..........


You could see a centaur.

Vanquished Creatures
  2 ogres
  A scorpion (D:4)
  An iguana (D:4)
  3 worker ants (D:4)
  Natasha (thrice) (D:4)
  Robin (D:3)
  6 adders
  A river rat (D:3)
  2 oozes
  An adder skeleton (D:4)
  A worm (D:2)
  2 dart slugs (D:1)
  3 leopard geckos (D:4)
  9 bats
  4 giant cockroaches
  13 goblins
  6 hobgoblins
  A quokka (D:3)
  A frilled lizard (D:4)
  4 kobolds
  6 rats
71 creatures vanquished.

Notes
Turn   | Place    | Note
-------+----------+-------------------------------------------
     0 | D:1      | tkbsonic5 the Human Wanderer began the quest for the Orb.
     0 | D:1      | tkbsonic5 set off with the following items: a +2 dagger, a
                  | potion of berserk rage, a +0 short sword, a +0 robe, a
                  | ration; and the following spell memorised: Sandblast; and
                  | the following spells available to memorise: Stone Arrow
     0 | D:1      | Reached XP level 1. HP: 13/13 MP: 2/2
   190 | D:1      | Reached XP level 2. HP: 19/19 MP: 3/3
   830 | D:1      | Reached skill level 1 in Earth Magic
  1002 | D:1      | Reached XP level 3. HP: 24/24 MP: 3/5
  1093 | D:1      | Learned a level 3 spell: Stone Arrow
  2036 | D:2      | Reached XP level 4. HP: 27/31 MP: 4/6
  2500 | D:2      | Found a glowing silver altar of Zin.
  2768 | D:3      | Reached skill level 1 in Axes
  2768 | D:3      | Reached skill level 1 in Conjurations
  3300 | D:3      | Noticed Robin
  3306 | D:3      | Gained mutation: You have a pair of small horns on your
                  | head. [potion of mutation]
  3306 | D:3      | Gained mutation: Scrolls take you a little longer to read.
                  | [potion of mutation]
  3306 | D:3      | Gained mutation: You expend magic power (3 MP) to
                  | strengthen your wands. [potion of mutation]
  3311 | D:3      | Reached XP level 5. HP: 18/36 MP: 2/7
  3312 | D:3      | Killed Robin
  3931 | D:3      | Found a sacrificial altar of Ru.
  3938 | D:3      | Found a stormy altar of Qazlal.
  4119 | D:4      | Found a basalt altar of Yredelemnul.
  4317 | D:4      | Noticed a profane servitor
  4732 | D:4      | Reached XP level 6. HP: 42/42 MP: 0/8
  4968 | D:4      | Found a shadowy altar of Dithmenos.
  5001 | D:4      | Became a worshipper of Dithmenos the Shadowed
  5025 | D:4      | Noticed Natasha
  5027 | D:4      | Killed Natasha
  5027 | D:4      | Reached skill level 1 in Slings
  5048 | D:4      | Noticed an ogre
  5056 | D:4      | Killed an ogre
  5056 | D:4      | Reached skill level 1 in Evocations
  5424 | D:4      | Noticed Natasha
  5429 | D:4      | Killed Natasha
  5429 | D:4      | Reached XP level 7. HP: 47/47 MP: 1/9
  5509 | D:4      | Noticed Natasha
  5520 | D:4      | Killed Natasha
  5800 | D:4      | Found a glowing golden altar of the Shining One.
  5848 | D:4      | Noticed an angel
  5871 | D:5      | Entered Level 5 of the Dungeon
  6402 | D:5      | HP: 1/47 [centaur (4)]
  6404 | D:5      | Mangled by a centaur

Illustrated notes

Levels and vault maps discovered:
D:1:      dpeg_arrival_snail, layout_basic, roderic_roman_lattice,
          serial_bayou_lagoon_a, hex_intersection
D:2:      minmay_evil_eye, layout_basic, zin_scriptorium
D:3:      layout_basic, amethyst_overflow_temple_binary, first_ration,
          minmay_misc_feat_rows, st_stairs_2, uniq_robin
D:4:      layout_basic, grunt_temple_overflow_holy_war, kennysheep_mini,
          uniq_natasha
D:5:      layout_basic

Skill      XL: |  1  2  3  4  5  6  7 |
---------------+----------------------+-----
Earth Magic    | 1 2 3 |  3.5
Axes           | 1 |  1.2
Conjurations   | 1 2 3 |  3.3
Slings         | 1 |  1.7
Evocations     | 1 |  1.6
Stealth        | 3 |  3.2
Fighting       | |  0.8
Short Blades   | |  3.5
Throwing       | |  1.1
Dodging        | |  1.3
Spellcasting   | |  1.9
Necromancy     | |  2.0

Action                   |  1- 3 |  4- 6 |  7- 9 || total
-------------------------+-------+-------+-------++-------
Melee: Dagger            |    49 |    11 |     6 ||    66
       Hand axe          |    33 |    43 |       ||    76
       Headbutt          |       |     3 |     2 ||     5
 Fire: Hunting sling     |       |    40 |    22 ||    62
 Cast: Sandblast         |    16 |    42 |     6 ||    64
       Stone Arrow       |       |     5 |     6 ||    11
Evoke: Wand              |       |     2 |       ||     2
  Use: Scroll            |     1 |     5 |     3 ||     9
       Potion            |       |     6 |     1 ||     7
 Stab: Sleeping          |     3 |     1 |       ||     4
  Eat: Chunk             |     2 |     5 |       ||     7
       Ration            |     1 |     2 |     1 ||     4
Armor: Robe              |    24 |    12 |       ||    36
Dodge: Dodged            |    51 |    48 |    13 ||   112
